 Dungeon Crawl Stone Soup version 0.22.1-1-ga44c0e56f4 (webtiles) character file.

10972 LLavrengius the Grappler (level 11, -14/107 (109) HPs)
             Began as a Troll Skald on Sept 26, 2018.
             Was a High Priest of the Shining One.
             Demolished by a yaktaur captain (28 damage)
             ... on level 9 of the Dungeon.
             The game lasted 00:43:11 (8027 turns).

LLavrengius the Grappler (Troll Skald)              Turns: 8027, Time: 00:43:12

HP:   -14/107 (109) AC:  6    Str: 22    XL:     11   Next: 43%
MP:   4/11          EV: 19    Int: 12    God:    the Shining One [*****.]
Gold: 623           SH:  4    Dex: 10    Spells: 11/12 levels left

rFire    . . .     SeeInvis .     - Unarmed
rCold    . . .     Gourm    +   (no shield)
rNeg     + + .     Faith    .   I - +1 robe of Vuiroh {MR+ Regen+} (curse)
rPois    .         Spirit   .   (helmet restricted)
rElec    .         Reflect  +   (no cloak)
rCorr    .         Harm     .   (gloves unavailable)
MR       +....                  (boots unavailable)
Stlth    +.........             J - +4 amulet of reflection
HPRegen  1.07/turn              l - +6 ring of evasion
MPRegen  0.12/turn              t - +2 ring of intelligence

@: glowing
A: large, unfitting armour, claws 3, fast metabolism 3, gourmand, regeneration
1, shaggy fur 1, tough skin 2
a: Divine Shield, Cleansing Flame, Summon Divine Warrior, Renounce Religion


You were on level 9 of the Dungeon.
You worshipped the Shining One.
The Shining One was extremely pleased with you.
You were completely stuffed.

You visited 2 branches of the dungeon, and saw 10 of its levels.
You also visited: Sewer and Ossuary.

You collected 623 gold pieces.

Inventory:

Hand Weapons
 m - a +1 fustibalus
 r - a +1 blowgun
Missiles
 f - 303 stones (quivered)
 s - 60 poisoned needles
 u - 14 curare-tipped needles
 z - 4 throwing nets
 A - 2 needles of sleeping
 H - 30 sling bullets
Armour
 I - the cursed +1 robe of Vuiroh (worn) {MR+ Regen+}
   (You found it on level 9 of the Dungeon)

   It affects your resistance to hostile enchantments.
   It increases your rate of regeneration.
   It has a curse placed upon it.
Jewellery
 h - an uncursed ring of ice
 l - a +6 ring of evasion (left claw)
 t - a +2 ring of intelligence (right claw)
 J - a +4 amulet of reflection (around neck)
Wands
 E - a wand of polymorph (24)
Scrolls
 b - 5 scrolls of remove curse
 e - 2 scrolls of noise
 g - a scroll of amnesia
 k - a scroll of immolation
 n - 3 scrolls of magic mapping
 x - a scroll of blinking
 y - a scroll of fear
 C - 4 scrolls of teleportation
Potions
 i - 2 potions of resistance
 j - 5 potions of lignification
 o - a potion of cancellation {unknown}
 p - 6 potions of curing
 q - a potion of magic {unknown}
 v - 2 potions of might
 B - 2 potions of heal wounds {unknown}
 D - 6 potions of haste
 F - 2 potions of mutation
Comestibles
 c - 21 rations
 w - 2 chunks of flesh


   Skills:
 + Level 7.6 Fighting
 + Level 3.6 Throwing
 + Level 7.7 Dodging
 * Level 12.4 Unarmed Combat
 - Level 1.2 Spellcasting
 - Level 2.0 Charms


You had 11 spell levels left.
You knew the following spells:

 Your Spells              Type           Power        Failure   Level  Hunger
a - Infusion              Chrm           #...         13%         1    ##.....

Your spell library contained the following spells:

 Spells                   Type           Power        Failure   Level  Hunger
 Song of Slaying          Chrm           #.......     21%         2    ###....
 Sandblast                Erth           #.....       30%         1    ##.....
 Shroud of Golubria       Chrm/Tloc      #.........   30%         2    ###....
 Passwall                 Tmut/Erth      #.......     41%         2    ###....
 Regeneration             Chrm/Necr      #.........   52%         3    ####...
 Spectral Weapon          Hex/Chrm       #.......     52%         3    ####...
 Stone Arrow              Conj/Erth      #.....       65%         3    ####...
 Petrify                  Tmut/Erth      #.......     96%         4    #####..
 Lee's Rapid Deconstruct  Erth           #.........   100%        5    ######.


Dungeon Overview and Level Annotations

Branches:
Dungeon (9/15)             Temple (1/1) D:6            Lair (0/6) D:9
    Orc: D:9-12

Altars:
Ashenzari
Cheibriados
Dithmenos
Elyvilon
Fedhas
Gozag
Hepliaklqana
Kikubaaqudgha
Makhleb
Nemelex Xobeh
Okawaru
Qazlal
Ru
Sif Muna
Trog
Uskayaw
Vehumet
Wu Jian
Xom
Yredelemnul
Zin
The Shining One

Annotations:
D:3 1 runed door, Shimizu's ghost, amateur DsAK


Innate Abilities, Weirdness & Mutations

You are too large for most types of armour.
You have claws for hands.
Your metabolism is lightning-fast.
You like to eat raw meat.
Your natural rate of healing is unusually fast.
You are covered in fur. (AC +1)
You have very tough skin. (AC +2)


Message History

The yaktaur captain is moderately wounded.
The yaktaur captain barely misses you.
You claw the yaktaur captain!
The yaktaur captain is heavily wounded.
You completely miss the yaktaur captain.
The yaktaur captain is heavily wounded.
The yaktaur captain hits you!!
You claw the yaktaur captain!
The yaktaur captain is heavily wounded.
The yaktaur captain completely misses you.
The necromancer casts a spell.
The necromancer flickers and vanishes for a moment.
You scratch the yaktaur captain but do no damage.
The yaktaur captain is heavily wounded.
The yaktaur captain hits you!!
* * * LOW HITPOINT WARNING * * *
You mangle the yaktaur captain!!
The yaktaur captain is severely wounded.
The yaktaur captain hits you!!
You die...

.........####................#
.......#+#..#.####+###.......#
###....#....#.#......#.......#
#....#....#.#......#.......#
#....#.............#.......#
#....#.##########..#....####
#....#.#..#..#..#..#....#
#....#.#..'.pc..#..#....#
###....#.# #@##.##....#####
.......#.# #..#...........#
.......#.# #).#...........#
.........#######'##...........#
.........#..'..)..#...<.......#
.........'..#..#..#.+#........#
.........##########..#........###
.#######.............#...........
.#.....#...#####.#...#...........


You could see a yaktaur captain and a necromancer (invisible).

Vanquished Creatures
  Harold (D:9)
  An ogre mage (D:9)
  3 death yaks
  Joseph (D:7)
  A kobold demonologist (D:8)
  A meliai (D:9)
  A hornet (D:9)
  Prince Ribbit (D:7)
  2 hippogriffs (D:9)
  A spriggan (D:9)
  A hungry ghost (D:8)
  Duvessa (D:5)
  4 orc warriors
  5 sky beasts
  An eye of draining (D:9)
  2 necrophages
  3 ice beasts
  4 ogres
  2 phantoms
  2 centaurs
  20 big kobolds
  4 bullfrogs
  2 elf zombies (Ossuary)
  Dowan (D:5)
  3 scorpions
  11 killer bees
  A wight (D:9)
  7 crimson imps
  4 bullfrog zombies
  4 hounds
  A centaur zombie (D:7)
  A jelly (D:9)
  An orc priest (D:9)
  9 orc wizards
  2 iguanas
  2 gnoll shamans (D:7)
  2 worker ants
  A killer bee zombie (D:8)
  A big kobold zombie (Ossuary)
  A hound zombie (D:5)
  3 mummies (Ossuary)
  10 gnolls
  2 howler monkey skeletons (D:6)
  8 adders
  2 river rats
  A shadow imp (D:5)
  2 oozes (Sewer)
  4 adder zombies (Ossuary)
  An adder skeleton (D:5)
  6 worms
  3 dart slugs
  3 leopard geckos
  11 orcs
  3 giant cockroaches
  A gnoll zombie (Ossuary)
  5 goblins
  4 hobgoblins
  9 jackals
  19 kobolds
  6 quokkas
  3 ball pythons
  4 bats
  4 frilled lizards
  5 goblin zombies (Ossuary)
  2 hobgoblin zombies (Ossuary)
  A jackal zombie (D:7)
  A kobold zombie (Ossuary)
  A quokka zombie (Ossuary)
  12 rats
  A rat zombie (Ossuary)
253 creatures vanquished.

Notes
Turn   | Place    | Note
-------+----------+-------------------------------------------
     0 | D:1      | LLavrengius the Troll Skald began the quest for the Orb.
     0 | D:1      | Reached XP level 1. HP: 19/19 MP: 1/1
   251 | D:1      | Reached XP level 2. HP: 28/28 MP: 2/2
   866 | D:2      | Reached skill level 3 in Unarmed Combat
   866 | D:2      | Reached XP level 3. HP: 35/35 MP: 3/3
  1014 | D:2      | Found a glowing golden altar of the Shining One.
  1017 | D:2      | Became a worshipper of the Shining One
  1425 | D:3      | Found a glowing drain.
  1452 | Sewer    | Entered a sewer
  1549 | Sewer    | Reached XP level 4. HP: 34/42 MP: 4/4
  1692 | Sewer    | Noticed a big kobold
  1692 | Sewer    | Noticed a big kobold
  1719 | Sewer    | Killed a big kobold
  1719 | Sewer    | Reached skill level 4 in Unarmed Combat
  1719 | Sewer    | Reached XP level 5. HP: 50/50 MP: 5/5
  1766 | Sewer    | Reached XP level 6. HP: 60/61 MP: 6/6
  1899 | Sewer    | Reached skill level 5 in Unarmed Combat
  1994 | Sewer    | Reached XP level 7. HP: 58/67 MP: 7/7
  2096 | Sewer    | Reached skill level 6 in Unarmed Combat
  2549 | D:3      | Found a runed door.
  2549 | D:3      | Noticed Shimizu's ghost (amateur DsAK)
  3059 | D:4      | Reached * piety under the Shining One
  3340 | D:5      | Entered Level 5 of the Dungeon
  3379 | D:5      | Noticed Duvessa
  3406 | D:5      | Reached XP level 8. HP: 45/78 MP: 8/8
  3553 | D:5      | Reached skill level 7 in Unarmed Combat
  3657 | D:5      | Noticed Dowan
  3686 | D:5      | Killed Duvessa
  3689 | D:5      | Killed Dowan
  4353 | D:6      | Found a sand-covered staircase.
  4369 | Ossuary  | Entered an ossuary
  4374 | Ossuary  | Reached ** piety under the Shining One
  4439 | Ossuary  | Reached skill level 8 in Unarmed Combat
  4505 | Ossuary  | Reached *** piety under the Shining One
  4529 | Ossuary  | Reached skill level 5 in Dodging
  4590 | D:6      | Reached skill level 5 in Fighting
  4639 | D:6      | Reached XP level 9. HP: 72/88 MP: 9/9
  4837 | D:6      | Found a staircase to the Ecumenical Temple.
  4890 | D:6      | Found a bloodstained altar of Trog.
  4906 | Temple   | Entered the Ecumenical Temple
  5335 | D:6      | Reached skill level 9 in Unarmed Combat
  5808 | D:7      | Reached **** piety under the Shining One
  5832 | D:7      | Reached skill level 10 in Unarmed Combat
  6081 | D:7      | Noticed Prince Ribbit
  6129 | D:7      | Killed Prince Ribbit
  6187 | D:7      | Noticed Joseph
  6203 | D:7      | Killed Joseph
  6203 | D:7      | Reached XP level 10. HP: 50/97 MP: 10/10
  6558 | D:8      | Noticed a soul eater
  6561 | D:8      | Reached skill level 11 in Unarmed Combat
  6916 | D:8      | Reached skill level 1 in Throwing
  7050 | D:9      | Noticed a death yak
  7053 | D:9      | Noticed a death yak
  7053 | D:9      | Reached ***** piety under the Shining One
  7054 | D:9      | Noticed a death yak
  7083 | D:8      | Killed a death yak
  7309 | D:9      | Got an ichor-stained robe
  7320 | D:9      | Identified the cursed +1 robe of Vuiroh {MR+ Regen+} (You
                  | found it on level 9 of the Dungeon)
  7401 | D:9      | Noticed Harold
  7410 | D:9      | Reached XP level 11. HP: 102/107 MP: 11/11
  7419 | D:9      | Killed Harold
  7469 | D:9      | Killed a death yak
  7469 | D:9      | Reached skill level 12 in Unarmed Combat
  7484 | D:9      | Killed a death yak
  7630 | D:9      | Found a staircase to the Lair.
  7740 | D:9      | Found a runed door.
  7808 | D:9      | Noticed an ogre mage
  7815 | D:9      | Killed an ogre mage
  8017 | D:9      | Noticed a yaktaur captain
  8020 | D:9      | Noticed a necromancer
  8027 | D:9      | Demolished by a yaktaur captain

Skill      XL: |  1  2  3  4  5  6  7  8  9 10 11 |
---------------+----------------------------------+-----
Dodging        | 2 3 4 5 6 7 |  7.7
Fighting       | 2 3 4 5 6 7 |  7.6
Unarmed Combat | 3 4 5 6 8 10 11 12 | 12.4
Throwing       | 2 3 |  3.6
Spellcasting   | |  1.2
Charms         | |  2.0

Action                   |  1- 3 |  4- 6 |  7- 9 | 10-12 || total
-------------------------+-------+-------+-------+-------++-------
Melee: Unarmed           |   101 |    87 |   385 |   235 ||   808
       Punch             |     1 |     3 |     8 |     7 ||    19
  Use: Scroll            |       |       |    10 |    11 ||    21
 Stab: Sleeping          |     1 |       |       |       ||     1
  Eat: Chunk             |    19 |     6 |    39 |    20 ||    84
Armor: Robe              |    28 |    19 |   118 |    38 ||   203
Dodge: Dodged            |    43 |    32 |   213 |   166 ||   454
